[ AOE2 MATCH · #506892590 ]
UnrankedTeutons vs Slavs
Player's team · LOSS
Rival team · WIN
[ REPLAY ANALYSIS · EXTRACTED FROM THE RECORDED GAME ]
Feudal
8:51
Castle
24:51
Imperial
43:34
| APM avg | 71.1 |
| APM peak | 117 |
| eAPM avg | 33.8 |
| Villagers / military | 252 / 321 |
Focus
⚔️ 42.1% · 🌾 57.9%
Knight ×111 · Spearman ×93 · Hand Cannoneer ×27 · Monk ×24 · Skirmisher ×21 · Mangonel ×10
Feudal
8:25
Castle
23:38
Imperial
42:56
| APM avg | 71.5 |
| APM peak | 115 |
| eAPM avg | 42.2 |
| Villagers / military | 240 / 520 |
Focus
⚔️ 53.2% · 🌾 46.8%
Spearman ×348 · Knight ×85 · Scorpion ×21 · Boyar ×18 · Trebuchet (Packed) ×17 · Skirmisher ×16
Match map
Initial resources + every placement click. Lines = walls · curves = elevation contours. ◆ gold · ⬟ stone · ● berries · ✦ relic · ◌ wall gap
Your base· ✓ Closed at 24:51 · 14t walls · 1 gate(s)
VENÓN | Miauricio's base· ✓ Closed at 23:38 · 11t walls · no gate
Smoothed initial terrain · ◌ = detected wall gap · hover for details
Inputs per minute
— Gabi - - VENÓN | Miauricio
Build order — Gabi
First 150 of 897 actions detected
| 0:01 | Create | Villager (Male) |
| 0:01 | Create | Villager (Male) |
| 0:02 | Build | House |
| 0:04 | Build | House |
| 0:49 | Create | Villager (Male) |
| 0:49 | Create | Villager (Male) |
| 1:36 | Create | Villager (Male) |
| 1:36 | Create | Villager (Male) |
| 1:51 | Build | Lumber Camp |
| 1:59 | Create | Villager (Male) |
| 1:59 | Create | Villager (Male) |
| 2:25 | Create | Villager (Male) |
| 2:47 | Create | Villager (Male) |
| 2:47 | Create | Villager (Male) |
| 3:13 | Create | Villager (Male) |
| 3:13 | Create | Villager (Male) |
| 3:43 | Create | Villager (Male) |
| 3:49 | Build | House |
| 3:59 | Create | Villager (Male) |
| 4:27 | Create | Villager (Male) |
| 4:45 | Create | Villager (Male) |
| 5:05 | Build | Barracks |
| 5:16 | Create | Villager (Male) |
| 5:28 | Create | Villager (Male) |
| 5:43 | Create | Villager (Male) |
| 6:03 | Build | House |
| 6:15 | Research | Loom |
| 6:15 | Research | Loom |
| 6:41 | Research | Feudal Age |
| 6:57 | Create | Militia |
| 6:57 | Create | Militia |
| 7:07 | Build | Mining Camp |
| 7:20 | Create | Militia |
| 7:21 | Create | Militia |
| 8:01 | Create | Militia |
| 8:06 | Build | Palisade Wall |
| 8:08 | Build | Palisade Wall |
| 8:19 | Build | Palisade Wall |
| 8:20 | Build | Palisade Wall |
| 8:31 | Build | House |
| 8:47 | Build | House |
| 8:51 | Age | Feudal Age |
| 8:54 | Create | Villager (Male) |
| 8:56 | Research | Man-at-Arms (upgrade) |
| 9:05 | Create | Villager (Male) |
| 9:11 | Build | Archery Range |
| 9:17 | Create | Villager (Male) |
| 9:37 | Create | Villager (Male) |
| 10:03 | Create | Archer |
| 10:10 | Build | Palisade Wall |
| 10:13 | Create | Villager (Male) |
| 10:16 | Build | Mill |
| 10:23 | Create | Skirmisher |
| 10:26 | Build | Watch Tower |
| 10:33 | Create | Skirmisher |
| 10:50 | Create | Skirmisher |
| 11:03 | Create | Villager (Male) |
| 11:17 | Build | Farm |
| 11:27 | Create | Villager (Male) |
| 11:28 | Build | Farm |
| 11:31 | Build | House |
| 11:39 | Research | Double-Bit Axe |
| 11:40 | Research | Double-Bit Axe |
| 11:44 | Build | Palisade Wall |
| 11:44 | Build | Palisade Wall |
| 11:45 | Build | Palisade Wall |
| 11:46 | Build | Palisade Wall |
| 11:46 | Build | Palisade Wall |
| 11:47 | Build | Palisade Wall |
| 11:47 | Build | Palisade Wall |
| 11:48 | Build | Palisade Wall |
| 12:03 | Create | Skirmisher |
| 12:06 | Build | Farm |
| 12:07 | Create | Villager (Male) |
| 12:21 | Create | Villager (Male) |
| 12:30 | Create | Skirmisher |
| 12:48 | Create | Skirmisher |
| 12:49 | Create | Villager (Male) |
| 12:56 | Research | Arson |
| 12:56 | Research | Arson |
| 13:12 | Create | Villager (Male) |
| 13:14 | Build | House |
| 13:19 | Build | Farm |
| 13:26 | Build | House |
| 13:34 | Create | Villager (Male) |
| 13:53 | Build | Farm |
| 13:53 | Build | Farm |
| 13:58 | Create | Skirmisher |
| 13:59 | Create | Villager (Male) |
| 14:03 | Build | Mining Camp |
| 14:09 | Create | Villager (Male) |
| 14:10 | Build | Farm |
| 14:25 | Create | Villager (Male) |
| 14:33 | Create | Villager (Male) |
| 14:41 | Build | Farm |
| 14:53 | Create | Villager (Male) |
| 14:54 | Build | Farm |
| 15:02 | Build | Farm |
| 15:10 | Create | Villager (Male) |
| 15:18 | Build | Stable |
| 15:28 | Build | House |
| 15:31 | Create | Villager (Male) |
| 15:32 | Build | Farm |
| 15:35 | Build | Farm |
| 15:40 | Create | Skirmisher |
| 15:40 | Create | Skirmisher |
| 15:49 | Build | Farm |
| 16:07 | Create | Skirmisher |
| 16:15 | Create | Scout Cavalry |
| 16:17 | Create | Villager (Male) |
| 16:23 | Create | Villager (Male) |
| 16:28 | Build | Blacksmith |
| 16:33 | Create | Skirmisher |
| 16:34 | Create | Villager (Male) |
| 16:42 | Build | Farm |
| 16:56 | Create | Villager (Male) |
| 16:58 | Build | Farm |
| 17:04 | Create | Archer |
| 17:13 | Build | Farm |
| 17:15 | Build | Farm |
| 17:18 | Create | Skirmisher |
| 17:22 | Build | House |
| 17:25 | Build | Watch Tower |
| 17:30 | Create | Villager (Male) |
| 17:32 | Create | Scout Cavalry |
| 17:58 | Build | Farm |
| 18:03 | Build | House |
| 18:05 | Research | Forging |
| 18:16 | Create | Villager (Male) |
| 18:32 | Create | Scout Cavalry |
| 18:32 | Create | Villager (Male) |
| 18:48 | Create | Villager (Male) |
| 18:58 | Create | Villager (Male) |
| 19:12 | Create | Scout Cavalry |
| 19:26 | Research | Fletching |
| 19:44 | Create | Villager (Male) |
| 19:45 | Build | Stable |
| 19:59 | Build | Farm |
| 20:00 | Build | Farm |
| 20:01 | Build | Lumber Camp |
| 20:19 | Create | Archer |
| 20:29 | Build | Farm |
| 20:40 | Create | Villager (Male) |
| 20:43 | Create | Scout Cavalry |
| 20:45 | Create | Villager (Male) |
| 20:54 | Create | Skirmisher |
| 21:00 | Build | Watch Tower |
| 21:10 | Build | Farm |
| 21:17 | Build | Mill |
| 21:24 | Build | Archery Range |
Build order — VENÓN | Miauricio
First 150 of 806 actions detected
| 0:00 | Create | Villager (Male) |
| 0:00 | Create | Villager (Male) |
| 0:02 | Build | House |
| 0:03 | Build | House |
| 0:03 | Create | Villager (Male) |
| 0:04 | Create | Villager (Male) |
| 1:22 | Create | Villager (Male) |
| 1:36 | Create | Villager (Male) |
| 2:02 | Build | Lumber Camp |
| 2:15 | Create | Villager (Male) |
| 2:45 | Create | Villager (Male) |
| 2:49 | Create | Villager (Male) |
| 3:14 | Create | Villager (Male) |
| 3:24 | Create | Villager (Male) |
| 3:32 | Build | House |
| 3:32 | Build | House |
| 4:09 | Create | Villager (Male) |
| 4:09 | Create | Villager (Male) |
| 4:09 | Create | Villager (Male) |
| 4:21 | Create | Villager (Male) |
| 4:54 | Create | Villager (Male) |
| 4:59 | Build | Mill |
| 5:15 | Create | Villager (Male) |
| 5:31 | Create | Villager (Male) |
| 5:34 | Research | Loom |
| 6:05 | Research | Feudal Age |
| 6:55 | Build | Lumber Camp |
| 7:19 | Build | Palisade Wall |
| 7:20 | Build | Palisade Wall |
| 7:21 | Build | Palisade Wall |
| 7:21 | Build | Palisade Wall |
| 7:27 | Build | Palisade Wall |
| 7:30 | Build | Palisade Wall |
| 7:31 | Build | Palisade Wall |
| 7:31 | Build | Palisade Wall |
| 7:36 | Create | Villager (Male) |
| 7:50 | Build | Barracks |
| 8:25 | Age | Feudal Age |
| 8:26 | Create | Villager (Male) |
| 8:41 | Create | Villager (Male) |
| 8:43 | Build | Archery Range |
| 9:03 | Create | Spearman |
| 9:12 | Create | Villager (Male) |
| 9:22 | Create | Spearman |
| 9:24 | Create | Skirmisher |
| 9:34 | Build | House |
| 9:46 | Create | Skirmisher |
| 10:04 | Create | Villager (Male) |
| 10:06 | Create | Skirmisher |
| 10:20 | Create | Villager (Male) |
| 10:55 | Create | Villager (Male) |
| 10:57 | Create | Villager (Male) |
| 11:15 | Create | Skirmisher |
| 11:16 | Create | Villager (Male) |
| 11:17 | Create | Villager (Male) |
| 11:19 | Build | Farm |
| 11:20 | Build | Farm |
| 11:23 | Build | Farm |
| 11:29 | Build | Blacksmith |
| 11:40 | Create | Villager (Male) |
| 11:43 | Create | Skirmisher |
| 11:52 | Create | Villager (Male) |
| 11:56 | Build | Farm |
| 11:58 | Build | Farm |
| 12:03 | Create | Skirmisher |
| 12:05 | Create | Villager (Male) |
| 12:25 | Create | Spearman |
| 12:30 | Build | Mill |
| 12:31 | Create | Villager (Male) |
| 12:46 | Create | Villager (Male) |
| 12:51 | Create | Villager (Male) |
| 12:54 | Build | House |
| 13:00 | Create | Villager (Male) |
| 13:06 | Build | House |
| 13:09 | Build | House |
| 13:17 | Create | Villager (Male) |
| 13:21 | Research | Fletching |
| 13:25 | Create | Villager (Male) |
| 13:28 | Build | Farm |
| 13:49 | Build | Farm |
| 13:50 | Create | Villager (Male) |
| 13:51 | Create | Skirmisher ×3 |
| 13:59 | Create | Skirmisher |
| 14:01 | Create | Villager (Male) |
| 14:06 | Create | Villager (Male) |
| 14:06 | Create | Villager (Male) |
| 14:10 | Build | House |
| 14:15 | Create | Villager (Male) |
| 14:21 | Create | Villager (Male) |
| 14:35 | Create | Villager (Male) |
| 14:35 | Create | Villager (Male) |
| 14:45 | Build | Archery Range |
| 15:24 | Research | Horse Collar |
| 15:28 | Create | Villager (Male) |
| 15:29 | Create | Skirmisher |
| 15:31 | Build | Farm |
| 15:31 | Create | Villager (Male) |
| 15:32 | Create | Villager (Male) |
| 15:35 | Build | Farm |
| 15:39 | Create | Villager (Male) |
| 15:42 | Create | Skirmisher |
| 15:44 | Create | Villager (Male) |
| 15:50 | Create | Skirmisher |
| 15:53 | Build | House |
| 15:55 | Create | Villager (Male) |
| 16:08 | Build | Farm |
| 16:09 | Build | Farm |
| 16:12 | Create | Villager (Male) |
| 16:24 | Build | Farm |
| 16:27 | Create | Villager (Male) |
| 16:32 | Build | Farm |
| 16:47 | Create | Skirmisher |
| 16:49 | Create | Villager (Male) |
| 16:50 | Create | Villager (Male) |
| 16:55 | Create | Villager (Male) |
| 16:56 | Build | Farm |
| 16:59 | Build | Farm |
| 17:02 | Create | Spearman |
| 17:20 | Build | House |
| 17:26 | Create | Skirmisher |
| 17:29 | Create | Villager (Male) |
| 17:30 | Create | Villager (Male) |
| 17:32 | Build | Farm |
| 17:40 | Build | House |
| 17:42 | Build | Farm |
| 17:44 | Build | Mining Camp |
| 17:47 | Create | Villager (Male) |
| 17:50 | Build | Watch Tower |
| 18:11 | Build | Palisade Wall |
| 18:12 | Build | Palisade Wall |
| 18:13 | Build | Palisade Wall |
| 18:28 | Create | Skirmisher |
| 18:30 | Build | House |
| 18:32 | Build | Farm |
| 18:32 | Build | Farm |
| 18:33 | Create | Villager (Male) |
| 18:42 | Build | Watch Tower |
| 19:06 | Create | Villager (Male) |
| 19:12 | Create | Spearman |
| 19:18 | Build | House |
| 19:19 | Create | Villager (Male) |
| 19:41 | Build | House |
| 19:51 | Create | Villager (Male) |
| 19:54 | Build | Market |
| 20:01 | Build | Farm |
| 20:19 | Create | Spearman |
| 20:22 | Create | Villager (Male) |
| 20:25 | Build | Mining Camp |
| 20:31 | Create | Spearman |
| 20:47 | Research | Castle Age |
Match timeline
| 5:05 | Gabi · first_building Barracks |
| 7:19 | VENÓN | Miauricio · wall_segment Palisade Wall x1 |
| 7:20 | VENÓN | Miauricio · wall_segment Palisade Wall x1 |
| 7:21 | VENÓN | Miauricio · wall_segment Palisade Wall x1 |
| 7:21 | VENÓN | Miauricio · wall_segment Palisade Wall x1 |
| 7:27 | VENÓN | Miauricio · wall_segment Palisade Wall x1 |
| 7:30 | VENÓN | Miauricio · wall_segment Palisade Wall x1 |
| 7:31 | VENÓN | Miauricio · wall_segment Palisade Wall x1 |
| 7:31 | VENÓN | Miauricio · wall_segment Palisade Wall x1 |
| 7:50 | VENÓN | Miauricio · first_building Barracks |
| 8:06 | Gabi · wall_segment Palisade Wall x1 |
| 8:08 | Gabi · wall_segment Palisade Wall x1 |
| 8:19 | Gabi · wall_segment Palisade Wall x1 |
| 8:20 | Gabi · wall_segment Palisade Wall x1 |
| 8:25 | VENÓN | Miauricio · age_up feudal |
| 8:43 | VENÓN | Miauricio · first_building Archery Range |
| 8:51 | Gabi · age_up feudal |
| 9:11 | Gabi · first_building Archery Range |
| 10:10 | Gabi · wall_segment Palisade Wall x1 |
| 11:44 | Gabi · wall_segment Palisade Wall x1 |
| 11:44 | Gabi · wall_segment Palisade Wall x1 |
| 11:45 | Gabi · wall_segment Palisade Wall x1 |
| 11:46 | Gabi · wall_segment Palisade Wall x1 |
| 11:46 | Gabi · wall_segment Palisade Wall x1 |
| 11:47 | Gabi · wall_segment Palisade Wall x1 |
| 11:47 | Gabi · wall_segment Palisade Wall x1 |
| 11:48 | Gabi · wall_segment Palisade Wall x1 |
| 15:18 | Gabi · first_building Stable |
| 18:11 | VENÓN | Miauricio · wall_segment Palisade Wall x1 |
| 18:12 | VENÓN | Miauricio · wall_segment Palisade Wall x1 |
| 18:13 | VENÓN | Miauricio · wall_segment Palisade Wall x1 |
| 20:46 | VENÓN | Miauricio · first_market_sell 100 food |
| 21:56 | VENÓN | Miauricio · first_building Stable |
| 23:38 | VENÓN | Miauricio · age_up castle |
| 23:42 | Gabi · wall_segment Palisade Wall x1 |
| 24:51 | Gabi · age_up castle |
| 25:11 | VENÓN | Miauricio · first_market_buy 100 stone |
| 25:16 | Gabi · wall_segment Palisade Wall x1 |
| 25:18 | Gabi · wall_segment Palisade Wall x1 |
| 25:32 | Gabi · first_building Monastery |
| 25:48 | VENÓN | Miauricio · first_building Monastery |
| 27:21 | VENÓN | Miauricio · wall_segment Palisade Wall x1 |
| 27:22 | VENÓN | Miauricio · wall_segment Palisade Wall x1 |
| 27:23 | VENÓN | Miauricio · wall_segment Palisade Wall x1 |
| 32:20 | VENÓN | Miauricio · wall_segment Stone Wall x2 |
| 34:05 | VENÓN | Miauricio · wall_segment Stone Wall x1 |
| 34:07 | VENÓN | Miauricio · wall_segment Stone Wall x1 |
| 34:09 | VENÓN | Miauricio · wall_segment Stone Wall x1 |
| 34:10 | VENÓN | Miauricio · wall_segment Stone Wall x1 |
| 37:18 | Gabi · first_market_sell 100 wood |
| 37:19 | Gabi · first_market_buy 100 stone |
| 37:45 | VENÓN | Miauricio · wall_segment Stone Wall x1 |
| 37:46 | VENÓN | Miauricio · wall_segment Stone Wall x1 |
| 38:05 | Gabi · first_building Castle |
| 39:10 | VENÓN | Miauricio · first_building Castle |
| 41:58 | VENÓN | Miauricio · wall_segment Stone Wall x1 |
| 42:56 | VENÓN | Miauricio · age_up imperial |
| 43:15 | VENÓN | Miauricio · wall_segment Stone Wall x6 |
| 43:34 | Gabi · age_up imperial |
| 50:05 | Gabi · first_building Siege Workshop |
| 50:42 | Gabi · wall_segment Stone Wall x1 |
| 50:43 | Gabi · wall_segment Stone Wall x1 |
| 50:44 | Gabi · wall_segment Stone Wall x1 |
| 50:47 | Gabi · wall_segment Stone Wall x1 |
| 50:48 | Gabi · wall_segment Stone Wall x1 |
| 54:51 | VENÓN | Miauricio · first_building Siege Workshop |
| 64:18 | Gabi · resign |
[ AI ANALYSIS · 1 CREDIT ]
What really happened in this match?
Wolo.gg analyzes every decision: build order, eco, micro, common mistakes by bracket. Personalized analysis on WhatsApp or Discord in 30 seconds.
Civ guide
Teutons
Perfil
Jugador #2444511